 Dungeon Crawl Stone Soup version 0.28-a0-1152-g9c71ebef14 (webtiles) character file.

Game seed: 3558298494689261774

4 ytrimaz the Insei (level 1, 0/13 HPs)
             Began as an Octopode Transmuter on Dec 14, 2021.
             Constricted to death by a ball python (1 damage)
             ... on level 1 of the Dungeon.
             The game lasted 00:00:14 (261 turns).

ytrimaz the Insei (Octopode Transmuter)              Turns: 261, Time: 00:00:14

Health: 0/13       AC:  1    Str:  9    XL:     1   Next: 70%
Magic:  2/3        EV: 10    Int: 15    God:
Gold:   0          SH:  0    Dex: 12    Spells: 3/4 levels left

rFire   . . .      SeeInvis .     - Unarmed
rCold   . . .      Faith    .   (no shield)
rNeg    . . .      Spirit   .   (helmet currently unavailable)
rPois   .          Reflect  .   (no amulet)
rElec   .          Harm     .   (no ring)
rCorr   .          Rampage  .   (no ring)
Will    .....                   (no ring)
Stlth   ++........              (no ring)
HPRegen 0.04/turn               (no ring)
MPRegen 0.08/turn               (no ring)
                                (no ring)
                                (no ring)

@: appendages (expiring), constricted
A: tentacle spike 3, almost no armour, amphibious, 8 rings, camouflage 1,
gelatinous body 1, (nimble swimmer 1), tentacles
a: End Transformation


You were on level 1 of the Dungeon.
One of your tentacles had grown a beastly spike.
You visited 1 branch of the dungeon, and saw 1 of its levels.

Inventory:

Scrolls
 a - a scroll of fog {unknown}
 b - a scroll of amnesia {unknown}
 c - a scroll of acquirement {unknown}


   Skills:
 * Level 1.1 Fighting
 - Level 2.0 Dodging
 * Level 3.1 Unarmed Combat
 * Level 2.0 Spellcasting
 * Level 2.0 Transmutations


You had 3 spell levels left.
You knew the following spells:

 Your Spells              Type           Power      Damage    Failure   Level
a - Beastly Appendage     Tmut           14%        N/A       10%         1

Your spell library contained the following spells:

 Spells                   Type           Power      Damage    Failure   Level
 Wereblood                Tmut           7%         N/A       14%         2
 Spider Form              Tmut/Pois      4%         N/A       41%         3
 Ice Form                 Ice/Tmut       4%         N/A       82%         4


Dungeon Overview and Level Annotations

Branches:
Dungeon (1/15)

Altars:


Innate Abilities, Weirdness & Mutations

One of your tentacles has grown a beastly spike.
You cannot wear most types of armour.
You are amphibious.
You can wear up to eight rings at the same time.
Your skin changes colour to match your surroundings (Stealth+).
Your rubbery body absorbs attacks. (AC +1, EV +1)
((You are camouflaged near water. (Stealth+)))
You have tentacles for arms and can constrict up to eight enemies at once.


Message History

You tentacle-slap the quokka.
You kill the quokka!
You see here a quokka corpse.
HP restored.
A kobold comes into view. It is wielding a +0 club.
The kobold shouts!
A rat comes into view.
The kobold throws a stone.
The stone hits you.
You see here 11 gold pieces.
There are monsters nearby!
There are monsters nearby!
A hobgoblin comes into view.
The kobold throws a stone.
The stone barely misses you.
A ball python comes into view.
One of your tentacles grows a vicious spike.
The ball python hisses angrily.
A dart slug comes into view.
A dart slug comes into view.
The rat bites you.
You closely miss the rat. You grab the rat. You constrict the rat.
The rat closely misses you. The hobgoblin hits you.
The kobold barely misses you.
You tentacle-slap the rat.
You kill the rat!
The hobgoblin hits you. The ball python barely misses you.
The ball python closely misses you. The kobold hits you with a +0 club.
* * * LOW HITPOINT WARNING * * *
You completely miss the ball python. Your grab misses the ball python.
The ball python barely misses you. The ball python grabs you.
The ball python constricts you.
* * * LOW HITPOINT WARNING * * *
The hobgoblin barely misses you. The kobold closely misses you.
Unknown command.
Unknown command.
The ball python's grasp on you weakens, but your attempt to escape fails.
Your transformation is almost over.
The ball python bites you.
* * * LOW HITPOINT WARNING * * *
The ball python constricts you.
You die...

#..#.. +# ###..#.#
..######.####.# #.......
..............# ####.#.#
.#..... ....... # #.#
....... .... #.#
.....#.###.# ######..
......gw...######......#
#...wS@.....†.##.####.#
###.#K#..$....##.####.#
#.#.......##......#
#.#.......##.######
..#.......##.......
####......#########
###......########
.......†.........#
################.#


You could see 2 dart slugs, a hobgoblin, a ball python and a kobold.

Vanquished Creatures
  2 quokkas (D:1)
  A frilled lizard (D:1)
  2 rats (D:1)
5 creatures vanquished.

Notes
Turn   | Place    | Note
-------+----------+-------------------------------------------
     0 | D:1      | ytrimaz the Octopode Transmuter began the quest for the
                  | Orb.
     0 | D:1      | Reached XP level 1. HP: 13/13 MP: 3/3
   261 | D:1      | Constricted to death by a ball python

Illustrated notes

Levels and vault maps discovered:
D:1:      minmay_arrival_plants_in_alcoves, layout_basic,
          shapermc_ecumenical_altar_mp_vishouse, minmay_pentomino_v2

Action                   || total
-------------------------++-------
Melee: Unarmed           ||    10
       Constrict         ||     4
       Tentacles         ||     2
       Punch             ||     1
 Cast: Beastly Appendage ||     3
 Stab: Sleeping          ||     2
Dodge: Dodged            ||     9

Table legend: (Time is in decaauts)
 A = Elapsed time spent in this place.
 B = Non-inter-level travel time spent in this place.
 C = Inter-level travel time spent in this place.
 D = Time resting spent in this place.
 E = Time spent auto-exploring this place.
 F = Levels seen in this place.
 G = Mean time per level.
                   A        B        C        D        E       F      G
               +--------+--------+--------+--------+--------+-----+--------+
         Total |    260 |    260 |      0 |      0 |    218 |   1 |  260.0 |
       Dungeon |    260 |    260 |      0 |      0 |    218 |   1 |  260.0 |
               +--------+--------+--------+--------+--------+-----+--------+

Top non-repeatable levels by time:
     D:1: 260 daAuts
